 Dungeon Crawl Stone Soup version 0.20-a0-870-g4070442 (webtiles) character file.

545 4thArraOfDagon the Ruffian (level 7, 4/52 HPs)
             Began as a Demonspawn Wanderer on Mar 13, 2017.
             Was a Believer of Cheibriados.
             Quit the game on level 5 of the Dungeon.
             The game lasted 00:09:03 (1469 turns).

4thArraOfDagon the Ruffian (Demonspawn Wanderer)    Turns: 1469, Time: 00:09:03

Health: 4/52       AC:  9    Str: 18    XL:     7   Next: 6%
Magic:  9/9        EV:  6    Int: 21    God:    Cheibriados [**....]
Gold:   53         SH:  0    Dex: 16    Spells: 6/6 levels left

rFire    . . .     SeeInvis .     - Unarmed
rCold    . . .     Gourm    .   e - +0 chain mail
rNeg     . . .     Faith    .   (no shield)
rPois    .         Spirit   .   (no helmet)
rElec    .         Reflect  .   (no cloak)
rCorr    .         Harm     .   l - +0 pair of gloves
MR       .....                  (no boots)
Stlth    ..........             (no amulet)
Regen    0.2/turn               (no ring)
MPRegen  0.2/turn               (no ring)

@: very heavily drained, very slow
A: hooves 2, rot immunity
a: Bend Time, Renounce Religion


You were on level 5 of the Dungeon.
You worshipped Cheibriados.
Cheibriados was pleased with you.
You were hungry.

You visited 1 branch of the dungeon, and saw 6 of its levels.

You collected 53 gold pieces.

Inventory:

Hand Weapons
 a - a +2 dagger
 d - a +0 mace
Missiles
 n - 4 needles of confusion
Armour
 c - a +0 ring mail
 e - a +0 chain mail (worn)
 l - a +0 pair of gloves (worn)
Wands
 h - a wand of confusion (0/48)
 o - a wand of paralysis (0/24)
Scrolls
 k - 2 scrolls of remove curse
Potions
 b - a potion of haste
Books
 m - a book of Misfortune

   Spells                             Type                      Level
   a - Confusing Touch                Hexes                        1
   b - Confuse                        Hexes                        3
   c - Gell's Gravitas                Translocation                3
   d - Petrify                        Transmutation/Earth          4
   e - Metabolic Englaciation         Hexes/Ice                    5
   f - Yara's Violent Unravelling     Hexes/Transmutation          5
Comestibles
 f - 4 bread rations
 g - a fruit
 i - 2 royal jellies


   Skills:
 + Level 3.3(0.1) Fighting
 - Level 1.7(0.0) Maces & Flails
 - Level 1.0(0.0) Throwing
 - Level 3.6(0.3) Armour
 + Level 2.5(0.0) Dodging
 - Level 1.0(0.0) Stealth
 * Level 4.8(1.4) Unarmed Combat
 + Level 3.4(0.1) Invocations


You had 6 spell levels left.
You didn't know any spells.

Dungeon Overview and Level Annotations

Branches:
Dungeon (6/15)
 Temple: D:4-7

Altars:
Ashenzari
Cheibriados
Hepliaklqana
Makhleb
Nemelex Xobeh
Okawaru
Trog
Uskayaw

Shops:
D:4 }

Annotations:
D:5 Yehuk's ghost, amateur DsFi


Innate Abilities, Weirdness & Mutations

You have hoof-like feet.
You are immune to rotting.


Message History

Yehuk's ghost hits you.
* * * LOW HITPOINT WARNING * * *
Yehuk's ghost hits you.
* * * LOW HITPOINT WARNING * * *
Yehuk's ghost hits you but does no damage.
Evoke which item? (* to show all) (? for menu, Esc to quit)
Aiming: Confuse (will waste charges)
Press: ? - help, Shift-Dir - straight line, f/p - Yehuk's ghost
Aim: Yehuk's ghost (chance to defeat MR: 28%) Yehuk's ghost easily resists.
Evoking this partially-identified wand wasted a few charges.
Yehuk's ghost closely misses you.
Evoke which item? (* to show all) (? for menu, Esc to quit)
Aiming: Confuse (will waste charges)
Press: ? - help, Shift-Dir - straight line, f/p - Yehuk's ghost
Aim: Yehuk's ghost (chance to defeat MR: 28%) Yehuk's ghost easily resists.
Evoking this partially-identified wand wasted a few charges.
Yehuk's ghost closely misses you.
Are you sure you want to abandon this character and quit the game? (Confirm with "yes".)

#########
........# #@#
#W# #r#
###########.#
............#
####+###.##..#
#......#.##..#
#............#
#......#.....#


You could see Yehuk's ghost and a quokka.

Vanquished Creatures
  An ogre (D:4)
  2 phantoms
  A water moccasin skeleton (D:4)
  An orc priest (D:5)
  Terence (D:2)
  4 orc wizards (D:5)
  An adder (D:2)
  An ooze (D:3)
  An adder skeleton (D:5)
  2 worms
  A dart slug (D:3)
  A leopard gecko (D:2)
  11 orcs
  A giant cockroach (D:2)
  3 goblins
  3 hobgoblins
  10 jackals
  6 bats
  3 frilled lizards
  7 kobolds
  5 rats
66 creatures vanquished.

Notes
Turn   | Place    | Note
-------+----------+-------------------------------------------
     0 | D:1      | 4thArraOfDagon the Demonspawn Wanderer began the quest for the Orb.
     0 | D:1      | 4thArraOfDagon set off with: a +2 dagger, a potion of haste, a +0 ring mail, a +0 mace, a bread ration
     0 | D:1      | Reached XP level 1. HP: 16/16 MP: 1/1
    66 | D:3      | Found a burning altar of Makhleb.
    67 | D:3      | Found a sparkling altar of Nemelex Xobeh.
    67 | D:3      | Found a snail-covered altar of Cheibriados.
    67 | D:3      | Found a hide-covered altar of Uskayaw.
    73 | D:3      | Found a hazy altar of Hepliaklqana.
    75 | D:3      | Became a worshipper of Cheibriados the Contemplative
   105 | D:3      | Reached skill level 1 in Unarmed Combat
   106 | D:3      | Found an iron altar of Okawaru.
   137 | D:3      | Found a shattered altar of Ashenzari.
   160 | D:3      | Gained mutation: You have large cloven feet. [demonic ancestry]
   160 | D:3      | Reached XP level 2. HP: 16/22 MP: 2/2
   256 | D:2      | Reached skill level 2 in Unarmed Combat
   308 | D:1      | Reached * piety under Cheibriados
   439 | D:2      | Gained mutation: You are immune to rotting. [demonic ancestry]
   439 | D:2      | Reached XP level 3. HP: 24/27 MP: 3/3
   606 | D:3      | Noticed Terence
   636 | D:2      | Killed Terence
   636 | D:2      | Reached skill level 3 in Unarmed Combat
   636 | D:2      | Reached XP level 4. HP: 20/33 MP: 1/4
   875 | D:3      | Reached skill level 1 in Invocations
   915 | D:3      | Reached ** piety under Cheibriados
   949 | D:4      | Found a bloodstained altar of Trog.
   951 | D:4      | Noticed an ogre
  1044 | D:4      | Reached skill level 1 in Dodging
  1044 | D:4      | Gained mutation: You have hoof-like feet. [demonic ancestry]
  1044 | D:4      | Reached XP level 5. HP: 34/39 MP: 4/6
  1051 | D:4      | Killed an ogre
  1051 | D:4      | Reached skill level 4 in Unarmed Combat
  1065 | D:4      | Noticed a phantom
  1087 | D:4      | Killed a phantom
  1087 | D:4      | Reached XP level 6. HP: 44/46 MP: 7/7
  1115 | D:4      | Found Moameo's Gadget Shop.
  1123 | D:5      | Entered Level 5 of the Dungeon
  1332 | D:5      | Reached XP level 7. HP: 50/52 MP: 9/9
  1369 | D:5      | Noticed Yehuk's ghost (amateur DsFi)
  1469 | D:5      | Quit the game

Vault maps used:
D:1:      dpeg_arrival_pits
D:2:      first_bread
D:3:      lemuel_doored_altar, minmay_overflow_temple_hex, grunt_ministairs_8,
          fedhas_altar_2, uniq_grinder, uniq_iyjb, uniq_terence
D:4:      overflow_temple_1_default, serial_shops, shop
D:5:      lemuel_zombie_altar_kikubaaqudgha, serial_shops, shop
D:6:      nicolae_qazlal_general_emergency, lemuel_crystal_altar

Skill      XL: |  1  2  3  4  5  6 |
---------------+-------------------+-----
Unarmed Combat | 1 2 3 4 |  4.8
Invocations    | 1 2 3 |  3.4
Dodging        | 1 2 |  2.5
Fighting       | 3 |  3.3
Maces & Flails | |  1.7
Throwing       | |  1.0
Armour         | |  3.6
Stealth        | |  1.0

Action                   |  1- 3 |  4- 6 |  7- 9 || total
-------------------------+-------+-------+-------++-------
Melee: Dagger            |   173 |   118 |       ||   291
       Kick              |    38 |    78 |    10 ||   126
       Punch             |     2 |     6 |     1 ||     9
       Unarmed           |       |    68 |    32 ||   100
Invok: Bend Time         |     1 |       |       ||     1
Evoke: Wand              |       |     5 |     8 ||    13
  Use: Potion            |     1 |     3 |       ||     4
       Scroll            |       |     3 |     1 ||     4
 Stab: Paralysed         |       |    16 |       ||    16
       Confused          |       |       |     1 ||     1
Armor: Chain mail        |   139 |   126 |    69 ||   334
       Ring mail         |     3 |       |       ||     3
       Skin              |       |    19 |       ||    19
Dodge: Dodged            |    65 |    88 |    37 ||   190
